 Dungeon Crawl Stone Soup version 0.24.0-29-g8ce449bc06 (webtiles) character file.

Game seed: 4477576738700287443, levelgen mode: deterministic

421 Grit the Slasher (level 6, -1/48 HPs)
             Began as a Demonspawn Gladiator on Nov 14, 2019.
             Was an Initiate of Yredelemnul.
             Slain by a hippogriff (4 damage)
             ... on level 4 of the Dungeon.
             The game lasted 00:12:38 (3573 turns).

Grit the Slasher (Demonspawn Gladiator)             Turns: 3573, Time: 00:12:39

Health: -1/48      AC:  9    Str: 15    XL:     6   Next: 62%
Magic:  6/6        EV: 12    Int:  9    God:    Yredelemnul [......]
Gold:   211        SH:  0    Dex: 16    Spells: 5/5 levels left

rFire    . . .     SeeInvis .   a - +0 long sword
rCold    . . .     Gourm    .   (no shield)
rNeg     . . .     Faith    .   t - +0 ring mail
rPois    .         Spirit   .   c - +0 helmet
rElec    .         Reflect  .   l - +0 cloak
rCorr    .         Harm     .   (no gloves)
MR       .....                  (no boots)
Stlth    +++.......             (no amulet)
HPRegen  0.16/turn              (no ring)
MPRegen  0.10/turn              (no ring)

@: no status effects
A: claws 2, thin metallic scales 1, nightstalker 1, powered by pain 1
a: Renounce Religion


You were on level 4 of the Dungeon.
You worshipped Yredelemnul.
Yredelemnul was noncommittal.
You were not hungry.

You visited 1 branch of the dungeon, and saw 4 of its levels.

You collected 211 gold pieces.

Inventory:

Hand Weapons
 a - a +0 long sword (weapon)
Missiles
 d - 3 throwing nets (quivered)
Armour
 c - a +0 helmet (worn)
 l - a +0 cloak (worn)
 t - a +0 ring mail (worn)
Jewellery
 b - an uncursed amulet of faith {unknown}
Scrolls
 e - a scroll of noise {unknown}
 g - 4 scrolls of remove curse {unknown}
 j - 4 scrolls of identify {unknown}
 n - a scroll of random uselessness {unknown}
 p - 3 scrolls of teleportation {unknown}
 q - a scroll of amnesia {unknown}
 x - a scroll of magic mapping {unknown}
 y - a scroll of fear {unknown}
Potions
 h - a potion of resistance
 i - 2 potions of lignification {unknown}
 k - a potion of haste {unknown}
 m - 2 potions of mutation {unknown}
 o - a potion of cancellation
 r - 2 potions of brilliance
 s - a potion of degeneration {unknown}
 u - 2 potions of flight
 v - a potion of curing {unknown}
Comestibles
 f - 5 rations


   Skills:
 + Level 3.9 Fighting
 * Level 5.1 Long Blades
 - Level 1.7 Throwing
 * Level 2.8 Dodging
 - Level 3.0 Stealth


You had 5 spell levels left.
You didn't know any spells.
Your spell library contained the following spells:

 Spells                   Type           Power        Failure   Level  Hunger
 Summon Small Mammal      Summ           #...         63%         1    ##.....
 Call Imp                 Summ           #.......     77%         2    ###....
 Call Canine Familiar     Summ           #.......     94%         3    ####...
 Summon Guardian Golem    Hex/Summ       #.......     94%         3    ####...
 Summon Ice Beast         Ice/Summ       #.......     100%        4    #####..
 Summon Lightning Spire   Summ/Air       #.......     100%        4    #####..


Dungeon Overview and Level Annotations

Branches:
Dungeon (4/15)
 Temple: D:4-7

Altars:
Fedhas
Gozag
Yredelemnul
Zin


Innate Abilities, Weirdness & Mutations

You have very sharp fingernails.
You are partially covered in thin metallic scales. (AC +2)
You are slightly more attuned to the shadows.
You sometimes gain a little power by taking damage.


Message History

* * * LOW HITPOINT WARNING * * *
The hippogriff barely misses you.
You barely miss the hippogriff.
The hippogriff is almost dead.
The hippogriff barely misses you. The hippogriff closely misses you.
The hippogriff claws you but does no damage.
You hit the hippogriff.
The hippogriff is almost dead.
The hippogriff bites you but does no damage.
The hippogriff completely misses you. The hippogriff claws you.
* * * LOW HITPOINT WARNING * * *
You barely miss the hippogriff.
The hippogriff is almost dead.
The hippogriff barely misses you.
The hippogriff pecks you but does no damage.
The hippogriff claws you.
* * * LOW HITPOINT WARNING * * *
The hippogriff bites you.
You die...
Your body rises from the dead as a mindless zombie.

#...........#................
#...........#................
#...........#................
##########'##................
.................####+######
.................#.......#<.
.................'.......#..
.................#.......#..
...........@H....##...##.###
.......#'####+##########.###
.......#..............'.....
.......#..............#.[...
.......#..............#.....
.......###'##.........#.....
............#........)#.....
............'.........#.....
..........##+#########..##


You could see a hippogriff.

Vanquished Creatures
  Sigmund (D:2)
  A hound (D:3)
  An orc wizard (D:3)
  A worker ant (D:4)
  Terence (D:3)
  Natasha (D:2)
  4 adders (D:3)
  An ooze (D:1)
  5 worms (D:3)
  A dart slug (D:2)
  2 leopard geckos
  4 orcs
  5 giant cockroaches
  6 goblins
  4 hobgoblins
  5 jackals
  8 kobolds
  A quokka (D:2)
  6 bats
  3 frilled lizards
  6 rats
  A fungus (D:2)
68 creatures vanquished.

Notes
Turn   | Place    | Note
-------+----------+-------------------------------------------
     0 | D:1      | Grit the Demonspawn Gladiator began the quest for the Orb.
     0 | D:1      | Reached XP level 1. HP: 16/16 MP: 1/1
   226 | D:1      | Gained mutation: You have sharp fingernails. [demonic
                  | ancestry]
   226 | D:1      | Reached XP level 2. HP: 14/22 MP: 2/2
   500 | D:1      | Reached skill level 1 in Stealth
   523 | D:1      | Reached skill level 3 in Long Blades
   834 | D:2      | Noticed Natasha
  1139 | D:2      | Gained mutation: You have very sharp fingernails. [demonic
                  | ancestry]
  1139 | D:2      | Reached XP level 3. HP: 26/28 MP: 3/3
  1167 | D:2      | Noticed Sigmund
  1179 | D:2      | Found a blossoming altar of Fedhas.
  1480 | D:2      | Found a glowing silver altar of Zin.
  1634 | D:2      | Killed Natasha
  1715 | D:2      | HP: 1/28 [something (11)]
  1723 | D:2      | Killed Sigmund
  1723 | D:2      | Reached skill level 4 in Long Blades
  1723 | D:2      | Gained mutation: You are partially covered in thin metallic
                  | scales. (AC +2) [demonic ancestry]
  1723 | D:2      | Reached XP level 4. HP: 22/35 MP: 4/4
  1723 | D:2      | Gained mutation: You are slightly more attuned to the
                  | shadows. [demonic ancestry]
  1723 | D:2      | Reached XP level 5. HP: 26/41 MP: 5/5
  2045 | D:3      | Gained mutation: You sometimes gain a little power by
                  | taking damage. [demonic ancestry]
  2045 | D:3      | Reached XP level 6. HP: 29/47 MP: 6/6
  2556 | D:3      | Found an opulent altar of Gozag.
  2560 | D:3      | Found a basalt altar of Yredelemnul.
  2561 | D:3      | Noticed Terence
  2579 | D:3      | Killed Terence
  2604 | D:3      | Became a worshipper of Yredelemnul the Dark
  2761 | D:3      | Reached skill level 5 in Long Blades
  3504 | D:4      | Noticed a hippogriff
  3573 | D:4      | Slain by a hippogriff

Levels and vault maps discovered:
D:1:      wheals_arrival_linesprint, layout_loops_ring
D:2:      layout_rooms, fedhas_altar_3, zin_academy, first_ration, uniq_natasha,
          uniq_sigmund
D:3:      layout_basic, grunt_temple_overflow_open, minmay_unequal, uniq_terence
D:4:      layout_gridville, nicolae_dithmenos_through_a_glass_darkly,
          hangedman_abyss_or_decor_stabs

Skill      XL: |  1  2  3  4  5  6 |
---------------+-------------------+-----
Stealth        | 1 2 3 |  3.0
Long Blades    | 3 4 5 |  5.1
Fighting       | 3 |  3.9
Throwing       | |  1.7
Dodging        | |  2.8

Action                   |  1- 3 |  4- 6 || total
-------------------------+-------+-------++-------
Melee: Long sword        |   102 |   138 ||   240
  Use: Potion            |     5 |       ||     5
 Stab: Sleeping          |     1 |     6 ||     7
  Eat: Chunk             |     3 |     6 ||     9
Armor: Leather armour    |    15 |       ||    15
       Ring mail         |    14 |    62 ||    76
Dodge: Dodged            |    66 |   113 ||   179
       Rpst.: Long sword |    18 |    30 ||    48
